 Dungeon Crawl Stone Soup version 0.25-a0-513-ge77a69270c (webtiles) character file.

Game seed: 985411094170038855, levelgen mode: deterministic

158 Emblim88 the Nimble (level 5, -5/27 HPs)
             Began as a Spriggan Berserker on Feb 16, 2020.
             Was a Believer of Trog.
             Slain by Grinder (8 damage)
             ... while paralysed by Grinder
             ... on level 3 of the Dungeon.
             The game lasted 00:06:26 (3146 turns).

Emblim88 the Nimble (Spriggan Berserker)            Turns: 3146, Time: 00:06:27

Health: -5/27      AC:  2    Str: 13    XL:     5   Next: 16%
Magic:  6/6        EV:  4    Int:  9    God:    Trog [**....]
Gold:   172        SH:  0    Dex: 16    Spells: 4/4 levels left

rFire    . . .     SeeInvis +   a - +0 falchion
rCold    . . .     Gourm    .   (shield restricted)
rNeg     . . .     Faith    .   b - +0 animal skin
rPois    .         Spirit   .   (helmet restricted)
rElec    .         Reflect  .   (no cloak)
rCorr    .         Harm     .   (gloves unavailable)
MR       .....                  (boots unavailable)
Stlth    +.........             (no amulet)
HPRegen  0.09/turn              (no ring)
MPRegen  0.10/turn              (no ring)

@: paralysed, very quick
A: very small, unfitting armour, see invisible, herbivore, speed 3, slow
metabolism 2
a: Berserk, Trog's Hand, Renounce Religion


You were on level 3 of the Dungeon.
You worshipped Trog.
Trog was pleased with you.
You were hungry.

You visited 1 branch of the dungeon, and saw 3 of its levels.

You collected 172 gold pieces.

Inventory:

Hand Weapons
 a - a +0 falchion (weapon)
 f - a +0 hunting sling
Missiles
 p - 8 stones (quivered)
Armour
 b - a +0 animal skin (worn)
Scrolls
 d - 2 scrolls of identify {unknown}
 h - a scroll of noise {unknown}
 j - a scroll of immolation {unknown}
 k - 5 scrolls of remove curse {unknown}
Potions
 e - a potion of invisibility {unknown}
 g - a potion of curing {unknown}
 i - 2 potions of heal wounds {unknown}
 l - a potion of magic {unknown}
 m - 3 potions of might {unknown}
 n - a potion of brilliance {unknown}
 o - a potion of cancellation {unknown}
Comestibles
 c - 3 rations


   Skills:
 - Level 2.4 Fighting
 - Level 2.4 Long Blades
 + Level 8.6 Dodging


You had 4 spell levels left.
You didn't know any spells.
Your spell library was empty.

Dungeon Overview and Level Annotations

Branches:
Dungeon (3/15)

Altars:

Annotations:
D:3 Grinder


Innate Abilities, Weirdness & Mutations

You are very small and have problems with some larger weapons.
You are too small for most types of armour.
You have supernaturally acute eyesight. (SInv)
You are a herbivore.
You cover ground extremely quickly.
You need to consume almost no food.


Message History

Evoke which item? (* to show all) (? for menu, Esc to quit)
Aiming: Iceblast
Press: ? - help, Shift-Dir - straight line, f/p - Grinder
Aim: Grinder (moderately wounded)
The mass of ice explodes!
The iceblast engulfs Grinder.
Grinder partially resists.
Grinder is heavily wounded.
The now-empty wand crumbles to dust.
Grinder gestures at you.
You suddenly lose the ability to move!
Grinder says, "Tell me all your secrets, or I'll kill you."
Grinder hits you.
You writhe in agony.
Grinder says, "There's only one good use for a tongue: cutting it out."
Grinder completely misses you. Grinder hits you.
* * * LOW HITPOINT WARNING * * *
You writhe in agony.
* * * LOW HITPOINT WARNING * * *
The kobold barely misses you. Grinder hits you!
You die...

# ### .####### #.† ........
##.# .##..... ..# ###### #5#
#. #@# #. ####K# #.
######.#..# #. #.........#
###### #. #.####.#..# #.
#..... #.###.####.#..# #.
#..### #.............###.##
#..# ##.#...............#
####..#
##.###..###.#.####..###.##..#


You could see Grinder and a kobold.

Vanquished Creatures
  Jessica (D:3)
  Robin (D:2)
  An adder (D:2)
  4 gnolls (D:3)
  An ooze (D:1)
  3 worms
  A dart slug (D:3)
  2 leopard geckos (D:1)
  An orc (D:3)
  2 giant cockroaches (D:1)
  15 goblins
  6 hobgoblins
  4 kobolds
  A ball python (D:3)
  7 bats
  2 frilled lizards
  5 rats
57 creatures vanquished.

Notes
Turn   | Place    | Note
-------+----------+-------------------------------------------
     0 | D:1      | Emblim88 the Spriggan Berserker began the quest for the
                  | Orb.
     0 | D:1      | Reached XP level 1. HP: 11/11 MP: 2/2
   184 | D:1      | Reached skill level 5 in Dodging
   357 | D:1      | Reached XP level 2. HP: 14/16 MP: 3/3
   534 | D:1      | Reached skill level 6 in Dodging
  1136 | D:2      | Reached XP level 3. HP: 19/19 MP: 4/4
  1292 | D:2      | Reached ** piety under Trog
  1399 | D:2      | Noticed Robin
  1417 | D:2      | Killed Robin
  1417 | D:2      | Reached skill level 7 in Dodging
  1765 | D:2      | Reached XP level 4. HP: 23/23 MP: 5/5
  2457 | D:3      | Reached skill level 8 in Dodging
  3023 | D:3      | Noticed Jessica
  3028 | D:3      | Killed Jessica
  3028 | D:3      | Reached XP level 5. HP: 20/27 MP: 6/6
  3137 | D:3      | Noticed Grinder
  3141 | D:3      | Paralysed by Grinder for 6 turns
  3146 | D:3      | Slain by Grinder

Levels and vault maps discovered:
D:1:      dpeg_arrival_water_fire, layout_basic
D:2:      layout_basic, uniq_robin
D:3:      layout_loops_ring, uniq_jessica, uniq_grinder

Skill      XL: |  1  2  3  4 |
---------------+-------------+-----
Dodging        | 5 6 7 8 |  8.6
Fighting       | |  2.4
Long Blades    | |  2.4

Action                   |  1- 3 |  4- 6 || total
-------------------------+-------+-------++-------
Melee: Falchion          |   110 |    72 ||   182
Throw: Stone             |       |    23 ||    23
Invok: Berserk           |     2 |       ||     2
       Trog's Hand       |     1 |       ||     1
Evoke: Wand              |       |     2 ||     2
 Stab: Sleeping          |     3 |       ||     3
  Eat: Ration            |       |     1 ||     1
Armor: Animal skin       |    11 |     6 ||    17
Dodge: Dodged            |   103 |    60 ||   163
       Rpst.: Falchion   |    40 |    15 ||    55

Table legend:
 A = Non-vault XP
 B = Vault XP
 C = Vault XP percentage of total XP
 D = Non-vault monster count
 E = Vault monster count
 F = Vault count percentage of total count
                 A         B        C        D         E       F
            +---------+---------+-------+---------+---------+-------
      Total |     152 |      75 |  33.0 |      43 |      14 |  24.6
            +---------+---------+-------+---------+---------+-------
        D:1 |      39 |       0 |   0.0 |      19 |       0 |   0.0
        D:2 |      29 |      38 |  56.7 |       8 |      13 |  61.9
        D:3 |      84 |      37 |  30.6 |      16 |       1 |   5.9
            +---------+---------+-------+---------+---------+-------
